NYP
CONNECTICUT TIGERS @ MINNESOTA (NYP) TWINS
07/11/2048
 
TOP OF THE 1ST
Connecticut Tigers batting - Pitching for Minnesota (NYP) Twins : LHP Ricky Lopez
Pitching: LHP Ricky Lopez
Batting: RHB Janne Vihko 0-0: Ball
1-0: Foul Ball, location: 2F
1-1: Ball
2-1: Foul Ball, location: 2F
2-2: Ball
3-2: Strikes out looking
Batting: SHB Ian Arlotta 0-0: Ball
1-0: Ball
2-0: Foul Ball, location: 2F
2-1: Foul Ball, location: 2F
2-2: Strikes out swinging
Batting: RHB Jaden Warrior 0-0: Ball
1-0: SINGLE (Groundball, 25, EV 69.4 MPH) (infield hit)
Batting: RHB Zack DiCicco 0-0: Called Strike
0-1: Ball
1-1: Foul Ball, location: 2F
1-2: Ball
2-2: Strikes out swinging
Top of the 1st over - 0 runs, 1 hit, 0 errors, 1 left on base; Connecticut 0 - Minnesota (NYP) 0
BOTTOM OF THE 1ST
Minnesota (NYP) Twins batting - Pitching for Connecticut Tigers : RHP Alan Grossfeld
Pitching: RHP Alan Grossfeld
Batting: RHB David McClellan 0-0: Called Strike
0-1: Ground out U3 (Groundball, 3, EV 109.4 MPH)
Batting: RHB Sergio Gomez 0-0: Called Strike
0-1: Ball
1-1: Called Strike
1-2: Foul Ball, location: 2F
1-2: Ball
2-2: Ball
3-2: Ground out U3 (Groundball, 34S, EV 88.1 MPH)
Batting: LHB Tomas Espino 0-0: Ball
1-0: Ball
2-0: Swinging Strike
2-1: SINGLE (Groundball, 3S, EV 70.6 MPH) (infield hit)
Batting: LHB Ryuuichi Shintani 0-0: Ball
1-0: Ball
2-0: Called Strike
2-1: Swinging Strike
2-2: Foul Ball, location: 2F
2-2: Strikes out swinging
Bottom of the 1st over - 0 runs, 1 hit, 0 errors, 1 left on base; Connecticut 0 - Minnesota (NYP) 0
TOP OF THE 2ND
Connecticut Tigers batting - Pitching for Minnesota (NYP) Twins : LHP Ricky Lopez
Batting: RHB Juan Acero 0-0: Called Strike
0-1: Ball
1-1: Foul Ball, location: 2F
1-2: Foul Ball, location: 2F
1-2: Ball
2-2: Strikes out swinging
Batting: LHB Afanasy Zasekin 0-0: Called Strike
0-1: Hit by Pitch
Batting: RHB Jordan Hall 0-0: Hit by Pitch
Afanasy Zasekin to second
Batting: RHB Jeremiah Washington 0-0: Swinging Strike
0-1: Swinging Strike
0-2: Ball
1-2: Strikes out swinging
Batting: RHB Kaleb Yerger 0-0: Ball
1-0: SINGLE (Line Drive, 34D, EV 107.5 MPH)
Afanasy Zasekin to third
Jordan Hall to second
Runner from 3rd tries for Home, SAFE, throw by RF to home
Batting: RHB Janne Vihko 0-0: Foul Ball, location: 2F
0-1: Foul Ball, location: 2F
0-2: Ball
1-2: Fielders Choice at 2nd, 5-4 (Groundball, 56, EV 81.2 MPH)
Top of the 2nd over - 1 run, 1 hit, 0 errors, 2 left on base; Connecticut 1 - Minnesota (NYP) 0
BOTTOM OF THE 2ND
Minnesota (NYP) Twins batting - Pitching for Connecticut Tigers : RHP Alan Grossfeld
Batting: RHB Alexandre Garcia 0-0: Called Strike
0-1: Swinging Strike
0-2: Ball
1-2: Strikes out swinging
Batting: LHB Jose Hilario 0-0: Ball
1-0: Foul Ball, location: 2F
1-1: Ball
2-1: Foul Ball, location: 2F
2-2: Ball
3-2: DOUBLE (Groundball, 3L, EV 103.1 MPH)
Batting: LHB Ben Roth 0-0: Called Strike
0-1: SINGLE (Groundball, 34D, EV 103.1 MPH)
Jose Hilario to third
Runner from 3rd tries for Home, SAFE, throw by RF to home
Batting: RHB Ton van Dijk 0-0: Ball
1-0: Swinging Strike
1-1: Grounds into double play, 4-6-3 (Groundball, 4, EV 90.0 MPH)
Bottom of the 2nd over - 1 run, 2 hits, 0 errors, 0 left on base; Connecticut 1 - Minnesota (NYP) 1
TOP OF THE 3RD
Connecticut Tigers batting - Pitching for Minnesota (NYP) Twins : LHP Ricky Lopez
Batting: SHB Ian Arlotta 0-0: DOUBLE (Line Drive, 7LS, EV 103.8 MPH)
Batting: RHB Jaden Warrior 0-0: Ball
1-0: Ball
2-0: Ball
3-0: Base on Balls
Batting: RHB Zack DiCicco 0-0: Fly out, F7 (Flyball, 78S, EV 83.1 MPH)
Batting: RHB Juan Acero 0-0: Called Strike
0-1: Fly out, F8 (Flyball, 89M, EV 83.8 MPH)
Batting: LHB Afanasy Zasekin 0-0: Called Strike
0-1: Foul Ball, location: 2F
0-2: Ball
1-2: Ball
2-2: Ball
3-2: Foul Ball, location: 2F
3-2: Base on Balls
Ian Arlotta to third
Jaden Warrior to second
Batting: RHB Jordan Hall 0-0: DOUBLE (Line Drive, 89M, EV 93.8 MPH)
Ian Arlotta scores
Jaden Warrior scores
Afanasy Zasekin to third
Runner from 3rd tries for Home, SAFE, no throw by RF
Batting: RHB Jeremiah Washington 0-0: Ball
1-0: Ball
2-0: Ground out 1-3 (Groundball, 34S, EV 65.0 MPH)
Top of the 3rd over - 3 runs, 2 hits, 0 errors, 1 left on base; Connecticut 4 - Minnesota (NYP) 1
BOTTOM OF THE 3RD
Minnesota (NYP) Twins batting - Pitching for Connecticut Tigers : RHP Alan Grossfeld
Batting: SHB Juan Aguilar 0-0: Ball
1-0: Swinging Strike
1-1: Ball
2-1: Swinging Strike
2-2: Strikes out swinging
Batting: RHB David McClellan 0-0: Called Strike
0-1: SINGLE (Groundball, 5S, EV 65.6 MPH) (infield hit)
Batting: RHB Sergio Gomez 0-0: Called Strike
David McClellan steals 2nd base
0-1: Ball
1-1: Foul Ball, location: 2F
1-2: Strikes out looking
Batting: LHB Tomas Espino 0-0: Ball
1-0: Ground out 6-3 (Groundball, 6, EV 88.1 MPH)
Bottom of the 3rd over - 0 runs, 1 hit, 0 errors, 1 left on base; Connecticut 4 - Minnesota (NYP) 1
TOP OF THE 4TH
Connecticut Tigers batting - Pitching for Minnesota (NYP) Twins : LHP Ricky Lopez
Batting: RHB Kaleb Yerger 0-0: Called Strike
0-1: Ball
1-1: Ground out 6-3 (Groundball, 6M, EV 85.0 MPH)
Batting: RHB Janne Vihko 0-0: SINGLE (Groundball, 6M, EV 98.1 MPH) (infield hit)
Batting: SHB Ian Arlotta 0-0: Ball
1-0: Called Strike
1-1: Ball
2-1: Grounds into double play, 6-4-3 (Groundball, 6, EV 101.9 MPH)
Top of the 4th over - 0 runs, 1 hit, 0 errors, 0 left on base; Connecticut 4 - Minnesota (NYP) 1
BOTTOM OF THE 4TH
Minnesota (NYP) Twins batting - Pitching for Connecticut Tigers : RHP Alan Grossfeld
Batting: LHB Ryuuichi Shintani 0-0: Called Strike
0-1: Foul Ball, location: 2F
0-2: Ball
1-2: Ball
2-2: Ground out 2-3 (Groundball, 2R, EV 63.1 MPH)
Batting: RHB Alexandre Garcia 0-0: SINGLE (Groundball, 6MS, EV 63.8 MPH) (infield hit)
Batting: LHB Jose Hilario 0-0: Ball
1-0: Called Strike
Alexandre Garcia is caught stealing 2nd base 2-6
1-1: Ball
2-1: Ball
3-1: Reached on error, E3 (Groundball, 3, EV 82.5 MPH)
Batting: LHB Ben Roth 0-0: Called Strike
0-1: Ball
1-1: Swinging Strike
1-2: Ground out 5-3 (Groundball, 56S, EV 63.1 MPH)
Bottom of the 4th over - 0 runs, 1 hit, 1 error, 1 left on base; Connecticut 4 - Minnesota (NYP) 1
TOP OF THE 5TH
Connecticut Tigers batting - Pitching for Minnesota (NYP) Twins : LHP Ricky Lopez
Batting: RHB Jaden Warrior 0-0: Called Strike
0-1: Fly out, F9 (Flyball, 89M, EV 73.8 MPH)
Batting: RHB Zack DiCicco 0-0: Ball
1-0: Ball
2-0: Ball
3-0: Called Strike
3-1: Base on Balls
Batting: RHB Juan Acero 0-0: Called Strike
0-1: Fielders Choice at 2nd, 5-4 (Groundball, 56, EV 103.1 MPH)
Batting: LHB Afanasy Zasekin 0-0: Swinging Strike
0-1: Ball
1-1: Foul Ball, location: 2F
1-2: Ball
2-2: Strikes out looking
Top of the 5th over - 0 runs, 0 hits, 0 errors, 1 left on base; Connecticut 4 - Minnesota (NYP) 1
BOTTOM OF THE 5TH
Minnesota (NYP) Twins batting - Pitching for Connecticut Tigers : RHP Alan Grossfeld
Batting: RHB Ton van Dijk 0-0: Called Strike
0-1: Called Strike
0-2: Ball
1-2: Ball
2-2: Ball
3-2: Ground out U3 (Groundball, 34, EV 87.5 MPH)
Batting: SHB Juan Aguilar 0-0: Called Strike
0-1: Ball
1-1: Foul Ball, location: 2F
1-2: Ball
2-2: Strikes out swinging
Batting: RHB David McClellan 0-0: Ball
1-0: Foul Ball, location: 2F
1-1: Ball
2-1: DOUBLE (Groundball, 5L, EV 100.0 MPH)
Batting: RHB Sergio Gomez 0-0: Called Strike
0-1: Swinging Strike
0-2: Ball
1-2: Ground out 6-3 (Groundball, 56D, EV 88.1 MPH)
Bottom of the 5th over - 0 runs, 1 hit, 0 errors, 1 left on base; Connecticut 4 - Minnesota (NYP) 1
TOP OF THE 6TH
Connecticut Tigers batting - Pitching for Minnesota (NYP) Twins : LHP Ricky Lopez
Batting: RHB Jordan Hall 0-0: Ball
1-0: Ground out 5-3 (Groundball, 5, EV 98.8 MPH)
Pitching: RHP Chad Brock
Batting: RHB Jeremiah Washington 0-0: Ball
1-0: Called Strike
1-1: Foul Ball, location: 2F
1-2: Strikes out swinging
Batting: RHB Kaleb Yerger 0-0: Ball
1-0: Ground out 5-3 (Groundball, 5, EV 100.6 MPH)
Top of the 6th over - 0 runs, 0 hits, 0 errors, 0 left on base; Connecticut 4 - Minnesota (NYP) 1
BOTTOM OF THE 6TH
Minnesota (NYP) Twins batting - Pitching for Connecticut Tigers : RHP Alan Grossfeld
Batting: LHB Tomas Espino 0-0: Called Strike
0-1: Foul Ball, location: 2F
0-2: Ball
1-2: Ball
2-2: Ball
3-2: Ground out 6-3 (Groundball, 6, EV 91.9 MPH)
Batting: LHB Ryuuichi Shintani 0-0: Ground out 4-3 (Groundball, 4D, EV 92.5 MPH)
Batting: RHB Alexandre Garcia 0-0: Ball
1-0: Ball
2-0: Ball
3-0: Called Strike
3-1: Base on Balls
Batting: LHB Jose Hilario 0-0: Ball
1-0: Called Strike
Alexandre Garcia steals 2nd base
1-1: Fly out, F9 (Flyball, 9LS, EV 91.9 MPH)
Bottom of the 6th over - 0 runs, 0 hits, 0 errors, 1 left on base; Connecticut 4 - Minnesota (NYP) 1
TOP OF THE 7TH
Connecticut Tigers batting - Pitching for Minnesota (NYP) Twins : RHP Chad Brock
Batting: RHB Janne Vihko 0-0: Foul Ball, location: 2F
0-1: Ball
1-1: Foul Ball, location: 2F
1-2: Ball
2-2: Ball
3-2: Foul Ball, location: 2F
3-2: Base on Balls
Batting: SHB Ian Arlotta 0-0: Called Strike
0-1: Swinging Strike
0-2: Strikes out swinging
Batting: RHB Jaden Warrior 0-0: Ball
1-0: Ball
2-0: Ball
3-0: Called Strike
3-1: Called Strike
3-2: 2-RUN HOME RUN (Flyball, 9D, EV 95.0 MPH), Distance : 398 ft
DELAY Rain delay of 23 minutes in the 7th inning.
Pitching: RHP Cody Bryant
Batting: RHB Zack DiCicco 0-0: Called Strike
0-1: Swinging Strike
0-2: Foul Ball, location: 2F
0-2: Ball
1-2: Strikes out swinging
Batting: RHB Juan Acero 0-0: Ground out 5-3 (Groundball, 56S, EV 71.2 MPH)
Top of the 7th over - 2 runs, 1 hit, 0 errors, 0 left on base; Connecticut 6 - Minnesota (NYP) 1
BOTTOM OF THE 7TH
Minnesota (NYP) Twins batting - Pitching for Connecticut Tigers : RHP Alan Grossfeld
Pitching: RHP Rick Young
Batting: LHB Ben Roth 0-0: Ground out 4-3 (Groundball, 34, EV 90.6 MPH)
Batting: RHB Ton van Dijk 0-0: Foul Ball, location: 2F
0-1: Swinging Strike
0-2: Ball
1-2: Ball
2-2: Strikes out swinging
Batting: SHB Juan Aguilar 0-0: Ball
1-0: Swinging Strike
1-1: Swinging Strike
1-2: Foul Ball, location: 2F
1-2: Strikes out looking
Bottom of the 7th over - 0 runs, 0 hits, 0 errors, 0 left on base; Connecticut 6 - Minnesota (NYP) 1
TOP OF THE 8TH
Connecticut Tigers batting - Pitching for Minnesota (NYP) Twins : RHP Cody Bryant
Batting: LHB Afanasy Zasekin 0-0: Ball
1-0: SINGLE (Line Drive, 8LS, EV 96.2 MPH)
Batting: RHB Jordan Hall 0-0: Ball
1-0: Swinging Strike
1-1: Called Strike
1-2: Ball
2-2: Foul Ball, location: 2F
2-2: Foul Ball, location: 2F
2-2: Ball
3-2: Fly out, F9 (Line Drive, 9S, EV 106.2 MPH)
Batting: RHB Jeremiah Washington 0-0: Fielders Choice at 2nd, 4-6 (Groundball, 34, EV 77.5 MPH)
Batting: RHB Kaleb Yerger 0-0: Called Strike
0-1: Swinging Strike
0-2: Foul Ball, location: 2F
0-2: Fly out, F9 (Flyball, 89M, EV 88.1 MPH)
Top of the 8th over - 0 runs, 1 hit, 0 errors, 1 left on base; Connecticut 6 - Minnesota (NYP) 1
BOTTOM OF THE 8TH
Minnesota (NYP) Twins batting - Pitching for Connecticut Tigers : RHP Rick Young
Batting: RHB David McClellan 0-0: Ball
1-0: Called Strike
1-1: SINGLE (Groundball, 4MD, EV 105.6 MPH)
Batting: RHB Sergio Gomez 0-0: Ball
1-0: Ground out 4-3 (Groundball, 13, EV 91.2 MPH)
David McClellan to second
Batting: LHB Tomas Espino 0-0: SINGLE (Flyball, 89S, EV 90.0 MPH)
David McClellan to third
Runner from 3rd tries for Home, SAFE, throw by RF to home
Tomas Espino to second
Batting: LHB Ryuuichi Shintani 0-0: Swinging Strike
0-1: Foul Ball, location: 2F
0-2: Foul Ball, location: 2F
0-2: Foul Ball, location: 2F
0-2: Hit by Pitch
Pitching: LHP Victor Villarreal
Pinch Runner at 1st Caleb Bockmann:
Batting: RHB Alexandre Garcia 0-0: Called Strike
0-1: Ball
1-1: Ball
2-1: Swinging Strike
2-2: Strikes out swinging
Pinch Hitting: RHB Rick Kendall 0-0: Ball
1-0: Ball
2-0: Ball
3-0: Called Strike
3-1: Base on Balls
Tomas Espino to third
Caleb Bockmann to second
Batting: LHB Ben Roth 0-0: Ground out 4-3 (Groundball, 4, EV 90.6 MPH)
Bottom of the 8th over - 1 run, 2 hits, 0 errors, 3 left on base; Connecticut 6 - Minnesota (NYP) 2
TOP OF THE 9TH
Connecticut Tigers batting - Pitching for Minnesota (NYP) Twins : RHP Cody Bryant
Pitching: RHP Pat Adams
Now in RF: Yasutoshi Hayashi
Batting: RHB Janne Vihko 0-0: Foul Ball, location: 2F
0-1: Called Strike
0-2: Strikes out swinging
Batting: SHB Ian Arlotta 0-0: Called Strike
0-1: Ball
1-1: Foul Ball, location: 2F
1-2: Ball
2-2: Strikes out looking
Batting: RHB Jaden Warrior 0-0: SINGLE (Groundball, 6D, EV 98.8 MPH)
Batting: RHB Zack DiCicco 0-0: Foul Ball, location: 2F
0-1: Foul Ball, location: 2F
0-2: Ball
1-2: Foul Ball, location: 2F
1-2: Ball
2-2: Strikes out looking
Top of the 9th over - 0 runs, 1 hit, 0 errors, 1 left on base; Connecticut 6 - Minnesota (NYP) 2
BOTTOM OF THE 9TH
Minnesota (NYP) Twins batting - Pitching for Connecticut Tigers : LHP Victor Villarreal
Now at 1B: Tony Nunez
Batting: RHB Ton van Dijk 0-0: Ball
1-0: Ground out 4-3 (Groundball, 4, EV 101.9 MPH)
Batting: SHB Juan Aguilar 0-0: Called Strike
0-1: Ball
1-1: Called Strike
1-2: Foul Ball, location: 2F
1-2: Strikes out swinging
Batting: RHB David McClellan 0-0: Ball
1-0: Called Strike
1-1: Called Strike
1-2: Strikes out looking
Bottom of the 9th over - 0 runs, 0 hits, 0 errors, 0 left on base; Connecticut 6 - Minnesota (NYP) 2
Tuesday, March 28th , 2023 - OOTP Baseball 23.10 Build 110